 Dungeon Crawl Stone Soup version 0.25-b1-39-g0d900dab71 (webtiles) character file.

Game seed: 14954037648635331632

298 markt42 the Covered (level 6, -1/38 HPs)
             Began as a Gargoyle Fighter on June 7, 2020.
             Was a Follower of Okawaru.
             Killed by divine providence
             ... invoked by an orc priest
              (15 damage)
             ... on level 4 of the Dungeon.
             The game lasted 00:03:22 (3279 turns).

markt42 the Covered (Gargoyle Fighter)              Turns: 3279, Time: 00:03:23

Health: -1/38      AC: 14    Str: 22    XL:     6   Next: 35%
Magic:  6/6        EV:  8    Int:  8    God:    Okawaru [*.....]
Gold:   181        SH:  9    Dex:  9    Spells: 5/5 levels left

rFire    . . .     SeeInvis .   a - +0 flail
rCold    . . .     Gourm    .   c - +0 kite shield
rNeg     + . .     Faith    .   b - +0 scale mail
rPois    ∞         Spirit   .   k - +0 helmet (curse)
rElec    +         Reflect  .   (no cloak)
rCorr    .         Harm     .   (no gloves)
MR       .....                  u - +0 pair of boots
Stlth    ..........             (no amulet)
HPRegen  0.12/turn              (no ring)
MPRegen  0.10/turn              (no ring)

@: no status effects
A: negative energy resistance 1, electricity resistance, unbreathing,
petrification resistance, rot immunity, AC +4
a: Heroism, Renounce Religion


You were on level 4 of the Dungeon.
You worshipped Okawaru.
Okawaru was aware of your devotion.
You were not hungry.

You visited 1 branch of the dungeon, and saw 4 of its levels.

You collected 181 gold pieces.

Inventory:

Hand Weapons
 a - a +0 flail (weapon)
Armour
 b - a +0 scale mail (worn)
 c - a +0 kite shield (worn)
 k - a cursed +0 helmet (worn)
 u - a +0 pair of boots (worn)
Scrolls
 e - 2 scrolls of random uselessness {unknown}
 i - a scroll of amnesia {unknown}
 j - 3 scrolls of identify {unknown}
 l - 2 scrolls of enchant armour {unknown}
 m - a scroll of immolation {unknown}
 n - 2 scrolls of magic mapping {unknown}
 q - a scroll of teleportation {unknown}
 r - a scroll of blinking {unknown}
Potions
 d - 2 potions of might
 h - a potion of flight
 o - a potion of degeneration {unknown}
 p - a potion of invisibility {unknown}
 s - a potion of mutation {unknown}
 t - 3 potions of heal wounds
 v - a potion of resistance {unknown}
Comestibles
 f - 6 rations


   Skills:
 + Level 3.7 Fighting
 * Level 4.4 Maces & Flails
 * Level 4.9 Armour
 + Level 1.0 Dodging
 + Level 4.2 Shields


You had 5 spell levels left.
You didn't know any spells.
Your spell library was empty.

Dungeon Overview and Level Annotations

Branches:
Dungeon (4/15)
 Temple: D:4-7

Altars:
Okawaru
Xom


Innate Abilities, Weirdness & Mutations

You are resistant to torment.
Your stone body is resilient. (AC +4)
You are immune to poison.
You resist negative energy. (rN+)
You are resistant to electric shocks. (rElec)
You can survive without breathing.
You are immune to petrification.
You are immune to rotting.


Message History

You kill the orc!
Okawaru accepts your kill.
You barely miss the orc. You block the orc's attack.
You thump the orc!
You kill the orc!
Okawaru accepts your kill.
The orc priest looks encouraged for a moment.
You block the orc priest's attack.
Items here: ))) [[[[ †††† You closely miss the orc priest.
The orc priest invokes the aid of Beogh against you.
Beogh smites you!
You thump the orc priest!
The orc priest is heavily wounded.
You block the orc priest's attack. x2
You hit the orc priest.
The orc priest is severely wounded.
The orc priest calls down the wrath of Beogh upon you.
Beogh smites you!
You die...

## #o .... #....[ ....
###.#.# ..... ....o.
#..... ##.#>### #.....
#......# ##...###.
##.#.#.###.!...... ._
#......o@.....# ..
##.#.#######.## .#
#.....# # .### ##.#.##
##.#.#
#.....############...#
##.#.##.##..........##
#.###...#.####.##...#
#.##.......###.###.#.#
#.#...<........# .# #


You could see an orc priest.

Vanquished Creatures
  A scorpion (D:4)
  An orc priest (D:4)
  2 orc wizards (D:4)
  4 gnolls (D:4)
  5 adders
  An ooze (D:4)
  2 worms (D:3)
  A dart slug (D:1)
  3 leopard geckos
  7 orcs
  10 bats
  A goblin (D:2)
  8 hobgoblins
  4 jackals (D:1)
  6 kobolds
  A quokka (D:4)
  3 ball pythons
  A frilled lizard (D:3)
  10 rats
71 creatures vanquished.

Notes
Turn   | Place    | Note
-------+----------+-------------------------------------------
     0 | D:1      | markt42 the Gargoyle Fighter began the quest for the Orb.
     0 | D:1      | Reached XP level 1. HP: 14/14 MP: 1/1
    62 | D:1      | Reached XP level 2. HP: 16/19 MP: 2/2
   307 | D:1      | Found an iron altar of Okawaru.
   323 | D:1      | Became a worshipper of Warmaster Okawaru
   642 | D:1      | Reached XP level 3. HP: 23/23 MP: 3/3
  1678 | D:3      | Reached XP level 4. HP: 27/28 MP: 4/4
  2481 | D:4      | Reached XP level 5. HP: 19/32 MP: 5/5
  2984 | D:4      | Reached XP level 6. HP: 24/38 MP: 6/6
  3119 | D:4      | Found a shimmering altar of Xom.
  3264 | D:4      | Reached * piety under Okawaru
  3264 | D:4      | Reached skill level 1 in Dodging
  3279 | D:4      | Killed from afar by an orc priest

Illustrated notes

Levels and vault maps discovered:
D:1:      dpeg_arrival_tiny_a, layout_basic, okawaru_ov_weapons_minmay
D:2:      layout_rooms, minmay_tall_x
D:3:      layout_loops_corners
D:4:      layout_loops_ring, serial_shops,
          nicolae_shop_competitors_out_of_business, st_stairs_13,
          brannock_xom_greatest_gift

Skill      XL: |  1  2  3  4  5  6 |
---------------+-------------------+-----
Maces & Flails | 3 4 |  4.4
Armour         | 4 |  4.9
Shields        | 4 |  4.2
Dodging        | 1 |  1.0
Fighting       | |  3.7

Action                   |  1- 3 |  4- 6 || total
-------------------------+-------+-------++-------
Melee: Flail             |   188 |   156 ||   344
  Use: Potion            |       |     3 ||     3
  Eat: Chunk             |     3 |     5 ||     8
Armor: Scale mail        |   149 |    73 ||   222
Dodge: Dodged            |    89 |    38 ||   127
Block: Kite shield       |   151 |    81 ||   232
